PL
PHOENIX HOTSPUR @ CHICAGO GOLD SOX
09/13/2021
 
TOP OF THE 1ST
Phoenix Hotspur batting - Pitching for Chicago Gold Sox : RHP Wayne Hurst
Pitching: RHP Wayne Hurst
Batting: SHB Dave Orchard 0-0: Called Strike
0-1: Ball
1-1: Ground out 4-3 (Groundball, 34)
Batting: RHB Terry Armstrong 0-0: Foul Ball, location: 2F
0-1: SINGLE (Line Drive, 4M)
Batting: LHB Pedro Willis 0-0: Ball
Wild Pitch!
Terry Armstrong to second
1-0: Called Strike
1-1: Called Strike
1-2: Foul Ball, location: 2F
1-2: Ball
2-2: Ground out 4-3 (Groundball, 4M)
Terry Armstrong to third
Batting: LHB Mike Pace 0-0: Swinging Strike
0-1: Swinging Strike
0-2: Ball
1-2: Strikes out swinging
Top of the 1st over - 0 run(s), 1 hit(s), 0 error(s), 1 left on base; Phoenix 0 - Chicago 0
BOTTOM OF THE 1ST
Chicago Gold Sox batting - Pitching for Phoenix Hotspur : RHP Scott William
Pitching: RHP Scott William
Batting: LHB Noel Ballard 0-0: Ball
1-0: Called Strike
1-1: Ball
2-1: Ball
3-1: Base on Balls
Batting: LHB Chris Hill 0-0: Foul Ball, location: 2F
0-1: Ball
1-1: Ball
2-1: Ball
3-1: Called Strike
3-2: Strikes out swinging
Batting: RHB Tyrone Scott 0-0: Called Strike
Noel Ballard steals 2nd base
0-1: Swinging Strike
0-2: Ground out 6-3 (Groundball, 6)
Batting: RHB Chris Smith 0-0: Called Strike
0-1: Ground out 6-3 (Groundball, 6)
Bottom of the 1st over - 0 run(s), 0 hit(s), 0 error(s), 1 left on base; Phoenix 0 - Chicago 0
TOP OF THE 2ND
Phoenix Hotspur batting - Pitching for Chicago Gold Sox : RHP Wayne Hurst
Batting: RHB Pablo León 0-0: Ball
1-0: Called Strike
1-1: Ball
2-1: Called Strike
2-2: Foul Ball, location: 2F
2-2: Ball
3-2: Strikes out swinging
Batting: RHB Raúl González 0-0: SINGLE (Flyball, 8RS)
Batting: LHB Casey Bright 0-0: Ball
1-0: Ball
2-0: Called Strike
2-1: SINGLE (Line Drive, 6M)
Raúl González to second
Batting: LHB Ken Norman 0-0: Ball
1-0: Ball
2-0: Ball
3-0: Base on Balls
Raúl González to third
Casey Bright to second
Batting: RHB Juan Aguirre 0-0: Called Strike
0-1: Swinging Strike
0-2: Strikes out looking
Batting: SHB Dave Orchard 0-0: Foul Ball, location: 2F
0-1: Ball
1-1: Called Strike
1-2: Strikes out looking
Top of the 2nd over - 0 run(s), 2 hit(s), 0 error(s), 3 left on base; Phoenix 0 - Chicago 0
BOTTOM OF THE 2ND
Chicago Gold Sox batting - Pitching for Phoenix Hotspur : RHP Scott William
Batting: LHB Herman Hayes 0-0: Swinging Strike
0-1: Foul Ball, location: 2F
0-2: Ball
1-2: Ball
2-2: Foul Ball, location: 2F
2-2: DOUBLE (Line Drive, 7LS)
Batting: RHB Earnest Veeck 0-0: Ball
1-0: Foul Ball, location: 2F
1-1: Ground out 6-3 (Groundball, 6M)
Herman Hayes to third
Batting: LHB Michael Greene 0-0: Ball
1-0: Ball
2-0: Ball
3-0: Base on Balls
Batting: LHB William Wise 0-0: Called Strike
0-1: Called Strike
0-2: Ball
1-2: Strikes out swinging
Batting: RHB David Edwards 0-0: Called Strike
0-1: Ball
1-1: Ball
2-1: Reached on error, E5 (Groundball, 56S)
Herman Hayes scores
Michael Greene to third
Batting: LHB Noel Ballard 0-0: Called Strike
0-1: Ball
1-1: Ball
2-1: Ball
3-1: Base on Balls
Batting: LHB Chris Hill 0-0: Ball
1-0: Ball
2-0: Ball
3-0: Base on Balls
Michael Greene scores
David Edwards to third
Noel Ballard to second
Batting: RHB Tyrone Scott 0-0: Called Strike
0-1: Ground out 5-3 (Groundball, 5L)
Bottom of the 2nd over - 2 run(s), 1 hit(s), 1 error(s), 3 left on base; Phoenix 0 - Chicago 2
TOP OF THE 3RD
Phoenix Hotspur batting - Pitching for Chicago Gold Sox : RHP Wayne Hurst
Batting: RHB Terry Armstrong 0-0: Called Strike
0-1: Fly out, F8 (Line Drive, 8LD)
Batting: LHB Pedro Willis 0-0: Swinging Strike
0-1: Called Strike
0-2: Ball
1-2: Strikes out swinging
Batting: LHB Mike Pace 0-0: Called Strike
0-1: Called Strike
0-2: Ball
1-2: Foul Ball, location: 2F
1-2: SINGLE (Flyball, 7S)
Batting: RHB Pablo León 0-0: Called Strike
0-1: Ball
1-1: Foul Ball, location: 2F
1-2: Ground out 4-3 (Groundball, 4)
Top of the 3rd over - 0 run(s), 1 hit(s), 0 error(s), 1 left on base; Phoenix 0 - Chicago 2
BOTTOM OF THE 3RD
Chicago Gold Sox batting - Pitching for Phoenix Hotspur : RHP Scott William
Batting: RHB Chris Smith 0-0: Ball
1-0: Swinging Strike
1-1: Ball
2-1: Foul Ball, location: 2F
2-2: Strikes out swinging
Batting: LHB Herman Hayes 0-0: Ball
1-0: SINGLE (Groundball, 25) (infield hit)
Pitching: LHP Wes Hamm
Batting: RHB Earnest Veeck 0-0: Called Strike
Herman Hayes steals 2nd base
0-1: Ball
1-1: Called Strike
1-2: SINGLE (Line Drive, 56)
Herman Hayes to third
Batting: LHB Michael Greene 0-0: Ball
1-0: Ball
2-0: Ball
3-0: Base on Balls
Earnest Veeck to second
Batting: LHB William Wise 0-0: Swinging Strike
0-1: Ball
1-1: Called Strike
1-2: Strikes out looking
Batting: RHB David Edwards 0-0: Foul Ball, location: 2F
0-1: Ball
1-1: Ball
2-1: Foul Ball, location: 2F
2-2: SINGLE (Groundball, 4MD)
Herman Hayes scores
Earnest Veeck to third
Michael Greene to second
Runner from 3rd tries for Home, SAFE, no throw or cutoff
Batting: LHB Noel Ballard 0-0: SINGLE (Flyball, 89S)
Michael Greene to third
David Edwards to second
Runner from 3rd tries for Home, SAFE, no throw or cutoff
Batting: LHB Chris Hill 0-0: Called Strike
0-1: Ball
1-1: Called Strike
1-2: Strikes out swinging
Bottom of the 3rd over - 3 run(s), 4 hit(s), 0 error(s), 2 left on base; Phoenix 0 - Chicago 5
TOP OF THE 4TH
Phoenix Hotspur batting - Pitching for Chicago Gold Sox : RHP Wayne Hurst
Batting: RHB Raúl González 0-0: Called Strike
0-1: Swinging Strike
0-2: Ball
1-2: Strikes out swinging
Batting: LHB Casey Bright 0-0: Ball
1-0: Foul Ball, location: 2F
1-1: Ball
2-1: Called Strike
2-2: Foul Ball, location: 2F
2-2: Ball
3-2: Strikes out looking
Batting: LHB Ken Norman 0-0: Swinging Strike
0-1: Ball
1-1: Ball
2-1: Swinging Strike
2-2: Foul Ball, location: 2F
2-2: Foul Ball, location: 2F
2-2: Fly out, F9 (Flyball, 9S)
Top of the 4th over - 0 run(s), 0 hit(s), 0 error(s), 0 left on base; Phoenix 0 - Chicago 5
BOTTOM OF THE 4TH
Chicago Gold Sox batting - Pitching for Phoenix Hotspur : LHP Wes Hamm
Batting: RHB Tyrone Scott 0-0: Ball
1-0: Ball
2-0: Fly out, F6 (Line Drive, 6)
Batting: RHB Chris Smith 0-0: Called Strike
0-1: Ball
1-1: Foul Ball, location: 2F
1-2: Ball
2-2: Foul Ball, location: 2F
2-2: Ground out 5-3 (Groundball, 56)
Batting: LHB Herman Hayes 0-0: Called Strike
0-1: Ball
1-1: Ball
2-1: Called Strike
2-2: Ball
3-2: Strikes out swinging
Bottom of the 4th over - 0 run(s), 0 hit(s), 0 error(s), 0 left on base; Phoenix 0 - Chicago 5
TOP OF THE 5TH
Phoenix Hotspur batting - Pitching for Chicago Gold Sox : RHP Wayne Hurst
Batting: RHB Juan Aguirre 0-0: Ball
1-0: Ball
2-0: Fly out, F7 (Line Drive, 78D)
Batting: SHB Dave Orchard 0-0: Called Strike
0-1: Ball
1-1: Foul Ball, location: 2F
1-2: Ball
2-2: Foul Ball, location: 2F
2-2: Strikes out swinging
Batting: RHB Terry Armstrong 0-0: Foul Ball, location: 2F
0-1: Called Strike
0-2: Fly out, F8 (Flyball, 8RS)
Top of the 5th over - 0 run(s), 0 hit(s), 0 error(s), 0 left on base; Phoenix 0 - Chicago 5
BOTTOM OF THE 5TH
Chicago Gold Sox batting - Pitching for Phoenix Hotspur : LHP Wes Hamm
Batting: RHB Earnest Veeck 0-0: Ball
1-0: Ball
2-0: Called Strike
2-1: Called Strike
2-2: Strikes out swinging
Batting: LHB Michael Greene 0-0: Foul Ball, location: 2F
0-1: Ball
1-1: Ball
2-1: Ball
3-1: Swinging Strike
3-2: Strikes out swinging
Batting: LHB William Wise 0-0: Ball
1-0: Fly out, F8 (Popup, 78S)
Bottom of the 5th over - 0 run(s), 0 hit(s), 0 error(s), 0 left on base; Phoenix 0 - Chicago 5
TOP OF THE 6TH
Phoenix Hotspur batting - Pitching for Chicago Gold Sox : RHP Wayne Hurst
Batting: LHB Pedro Willis 0-0: Ball
1-0: Swinging Strike
1-1: Ball
2-1: Foul Ball, location: 2F
2-2: Foul Ball, location: 2F
2-2: Foul Ball, location: 2F
2-2: Foul Ball, location: 2F
2-2: Strikes out swinging
Batting: LHB Mike Pace 0-0: Foul Ball, location: 2F
0-1: Ball
1-1: SINGLE (Groundball, 34D)
Pitching: RHP Makoto Kato
Batting: RHB Pablo León 0-0: Ball
1-0: Ball
2-0: Called Strike
2-1: Ball
3-1: Foul Ball, location: 2F
3-2: Strikes out looking
Batting: RHB Raúl González 0-0: Called Strike
0-1: Swinging Strike
0-2: Ball
1-2: Strikes out swinging
Top of the 6th over - 0 run(s), 1 hit(s), 0 error(s), 1 left on base; Phoenix 0 - Chicago 5
BOTTOM OF THE 6TH
Chicago Gold Sox batting - Pitching for Phoenix Hotspur : LHP Wes Hamm
Pitching: LHP Juan Sánchez
Batting: RHB David Edwards 0-0: Ball
1-0: Swinging Strike
1-1: Ball
2-1: Called Strike
2-2: Foul Ball, location: 2F
2-2: Strikes out swinging
Batting: LHB Noel Ballard 0-0: Ball
1-0: Ball
2-0: Called Strike
2-1: Foul Ball, location: 2F
2-2: Ball
3-2: SINGLE (Line Drive, 34D)
Batting: LHB Chris Hill 0-0: Called Strike
0-1: Swinging Strike
0-2: Foul Ball, location: 2F
0-2: Fly out, F8 (Flyball, 8LD)
Batting: RHB Tyrone Scott 0-0: Ball
1-0: Ball
2-0: Ball
3-0: Base on Balls
Noel Ballard to second
Batting: RHB Chris Smith 0-0: Ball
1-0: SINGLE (Groundball, 4MD)
Noel Ballard to third
Tyrone Scott to second
Runner from 3rd tries for Home, SAFE, no throw or cutoff
Batting: LHB Herman Hayes 0-0: Ball
1-0: Called Strike
1-1: Foul Ball, location: 2F
1-2: Foul Ball, location: 2F
1-2: Ball
2-2: Foul Ball, location: 2F
2-2: Strikes out looking
Bottom of the 6th over - 1 run(s), 2 hit(s), 0 error(s), 2 left on base; Phoenix 0 - Chicago 6
TOP OF THE 7TH
Phoenix Hotspur batting - Pitching for Chicago Gold Sox : RHP Makoto Kato
Batting: LHB Casey Bright 0-0: Called Strike
0-1: Foul Ball, location: 2F
0-2: Ball
1-2: Ball
2-2: Ball
3-2: Fly out, F8 (Flyball, 8LXD)
Batting: LHB Ken Norman 0-0: Foul Ball, location: 2F
0-1: Called Strike
0-2: Ball
1-2: Fly out, F2 (Popup, 2L)
Batting: RHB Juan Aguirre 0-0: Ball
1-0: Called Strike
1-1: Foul Ball, location: 2F
1-2: Foul Ball, location: 2F
1-2: Ball
2-2: Ball
3-2: Strikes out swinging
Top of the 7th over - 0 run(s), 0 hit(s), 0 error(s), 0 left on base; Phoenix 0 - Chicago 6
BOTTOM OF THE 7TH
Chicago Gold Sox batting - Pitching for Phoenix Hotspur : LHP Juan Sánchez
Batting: RHB Earnest Veeck 0-0: Ball
1-0: Foul Ball, location: 2F
1-1: Ball
2-1: Fly out, F9 (Flyball, 9S)
Batting: LHB Michael Greene 0-0: Ball
1-0: Swinging Strike
1-1: Ball
2-1: Foul Ball, location: 2F
2-2: Foul Ball, location: 2F
2-2: SINGLE (Flyball, 7M)
Batting: LHB William Wise 0-0: Swinging Strike
0-1: Grounds out, U3 (Groundball, 3L)
Batting: RHB David Edwards 0-0: Called Strike
0-1: Ground out 4-3 (Groundball, 4M)
Bottom of the 7th over - 0 run(s), 1 hit(s), 0 error(s), 1 left on base; Phoenix 0 - Chicago 6
TOP OF THE 8TH
Phoenix Hotspur batting - Pitching for Chicago Gold Sox : RHP Makoto Kato
Now in RF: Daryl Lloyd
Batting: SHB Dave Orchard 0-0: Ball
1-0: Ball
2-0: Swinging Strike
2-1: Called Strike
2-2: Strikes out swinging
Batting: RHB Terry Armstrong 0-0: Ball
1-0: Ball
2-0: Ball
3-0: Base on Balls
Batting: LHB Pedro Willis 0-0: Called Strike
0-1: Ball
1-1: Swinging Strike
1-2: Strikes out swinging
Pitching: LHP Motoyuki Nakamura
Batting: LHB Mike Pace 0-0: Ball
1-0: Ball
2-0: Foul Ball, location: 2F
2-1: Foul Ball, location: 2F
2-2: Foul Ball, location: 2F
2-2: Foul Ball, location: 2F
2-2: Ball
3-2: Foul Ball, location: 2F
3-2: Strikes out looking
Top of the 8th over - 0 run(s), 0 hit(s), 0 error(s), 1 left on base; Phoenix 0 - Chicago 6
BOTTOM OF THE 8TH
Chicago Gold Sox batting - Pitching for Phoenix Hotspur : LHP Juan Sánchez
Batting: LHB Noel Ballard 0-0: Foul Ball, location: 2F
0-1: Ball
1-1: Foul Ball, location: 2F
1-2: Strikes out swinging
Batting: LHB Chris Hill 0-0: Foul Ball, location: 2F
0-1: Swinging Strike
0-2: Ball
1-2: Ball
2-2: Strikes out swinging
Batting: RHB Tyrone Scott 0-0: Ball
1-0: DOUBLE (Line Drive, 89S)
Batting: RHB Chris Smith 0-0: Called Strike
0-1: Ball
1-1: Foul Ball, location: 2F
1-2: Ground out 5-3 (Groundball, 56S)
Bottom of the 8th over - 0 run(s), 1 hit(s), 0 error(s), 1 left on base; Phoenix 0 - Chicago 6
TOP OF THE 9TH
Phoenix Hotspur batting - Pitching for Chicago Gold Sox : LHP Motoyuki Nakamura
Batting: RHB Pablo León 0-0: Ball
1-0: Swinging Strike
1-1: Foul Ball, location: 2F
1-2: Strikes out swinging
Batting: RHB Raúl González 0-0: Ball
1-0: Foul Ball, location: 2F
1-1: DOUBLE (Line Drive, 6)
Batting: LHB Casey Bright 0-0: Called Strike
0-1: Ball
1-1: Foul Ball, location: 2F
1-2: Strikes out looking
Batting: LHB Ken Norman 0-0: Ball
1-0: Foul Ball, location: 2F
1-1: Foul Ball, location: 2F
1-2: Foul Ball, location: 2F
1-2: SINGLE (Line Drive, 34D)
Raúl González to third
Runner from 3rd tries for Home, throw and OUT!
Top of the 9th over - 0 run(s), 2 hit(s), 0 error(s), 1 left on base; Phoenix 0 - Chicago 6
This league is powered by Out of the Park Baseball, the baseball management simulation game for PC, Mac and Linux
Friday, January 22nd, 2016 - OOTP Baseball 16.9 Build 39